 Dungeon Crawl Stone Soup version 0.19-a0-993-g3130bb9 (webtiles) character file.

576 Sixotanaka the Carver (level 7, 0/40 HPs)
             Began as a High Elf Skald on July 15, 2016.
             Succumbed to a scorpion's poison
             ... on level 4 of the Dungeon.
             The game lasted 00:08:42 (4526 turns).

Sixotanaka the Carver (High Elf Skald)              Turns: 4526, Time: 00:08:42

Health: 0/40       AC:  3    Str: 13    XL:     7   Next: 13%
Magic:  7/11       EV: 11    Int: 21    God:
Gold:   188        SH:  0    Dex: 18    Spells: 3 memorised, 4 levels left

rFire  . . .     SeeInvis .     a - +0 falchion
rCold  + . .     Gourm    .     b - +0 leather armour
rNeg   . . .     Faith    .     (no shield)
rPois  .         Spirit   .     (no helmet)
rElec  .         Dismiss  .     (no cloak)
rCorr  .         Reflect  .     (no gloves)
SustAt .         Harm     .     (no boots)
MR     .....                    q - amulet of rage
Stlth  +.........               v - +6 ring of intelligence
                                g - ring of protection from cold

@: lethally poisoned (0 -> -8), exhausted, slowed, invisible, very slow, not
resistant to hostile enchantments, very unstealthy
A: frail 1, sense surroundings 1, strong 1
a: Evoke Berserk Rage


You were on level 4 of the Dungeon.
You were very hungry.

You visited 1 branch of the dungeon, and saw 4 of its levels.

You collected 188 gold pieces.


Innate Abilities, Weirdness & Mutations

You are frail. (-10% HP)
You passively map a small area around you.
Your muscles are strong. (Str +2)


   Skills:
 - Level 2.0 Fighting
 * Level 8.2 Long Blades
 - Level 0.8 Armour
 - Level 1.1 Dodging
 - Level 2.4 Spellcasting
 + Level 3.7 Hexes
 - Level 3.6 Charms


You had 4 spell levels left.
You knew the following spells:

 Your Spells              Type           Power        Failure   Level  Hunger
a - Shroud of Golubria    Chrm/Tloc      ##........   17%         2    ##.....
c - Infusion              Chrm           ###.         4%          1    None
z - Spectral Weapon       Hex/Chrm       ###.....     14%         3    ###....


Dungeon Overview and Level Annotations

Branches:
Dungeon (4/15)
 Temple: D:4-7

Altars:
Dithmenos

Shops:
D:4 :

Inventory:

Hand Weapons
 a - a +0 falchion (weapon)
 i - a +2 dagger of venom
   (You took it off a goblin on level 1 of the Dungeon)
Missiles
 p - 21 poisoned needles
 r - 5 tomahawks of returning (quivered)
Armour
 b - a +0 leather armour (worn)
Jewellery
 g - a ring of protection from cold (left hand)
   (You found it on level 1 of the Dungeon)
 q - an amulet of rage (around neck)
   (You found it on level 3 of the Dungeon)
 v - a +6 ring of intelligence (right hand)
   (You found it on level 3 of the Dungeon)
Scrolls
 e - a scroll of fog {unknown}
 f - a scroll of blinking {unknown}
 h - a scroll of remove curse {unknown}
 k - a scroll of recharging {unknown}
 l - 4 scrolls of identify {unknown}
 n - 4 scrolls of teleportation {unknown}
 x - a scroll of random uselessness {unknown}
Potions
 j - a potion of magic {unknown}
 u - a potion of flight {unknown}
 z - a potion of brilliance {unknown}
Books
 c - a book of Battle
Comestibles
 d - a bread ration {@e1}
 m - 2 beef jerkies
 s - a meat ration {@e2}
 A - 2 chunks of flesh

.......* #[....# ,
.......###.....# ,
...........>...## ,
,..................
#
............######
# ........##### ..
* .......†#########
..
........(........ ,
.. * ,
......##@######## #
. ###### #.## .#*,
*# #..########.# #
##...(......# #
#..........# #
##.........# #
#.........##.* #
#.........##. # ##
##........##. ##


You could see a friendly spectral falchion.


Message History

Your spectral weapon closely misses the scorpion.
The scorpion stings you.
* * * LOW HITPOINT WARNING * * *
Unknown command.
It was a potion of berserk rage.
A red film seems to cover your vision as you go berserk!
You feel yourself moving faster!
You feel mighty!
* * * LOW HITPOINT WARNING * * *
You feel sick. The scorpion barely misses you.
Unknown command.
You barely miss the scorpion.
* * * LOW HITPOINT WARNING * * *
You feel sick.
Your spectral weapon barely misses the scorpion.
You slash the scorpion!
Your spectral weapon barely misses the scorpion.
The scorpion closely misses you.
You hit the scorpion.
* * * LOW HITPOINT WARNING * * *
You feel sick.
Your spectral weapon hits the scorpion but does no damage.
The scorpion stings your spectral weapon.
Your spectral weapon shares its damage with you!
* * * LOW HITPOINT WARNING * * *
You hit the scorpion.
You kill the scorpion!
* * * LOW HITPOINT WARNING * * *
You feel sick.
You swap places.
* * * LOW HITPOINT WARNING * * *
You feel sick.
You see here a scorpion corpse.
You feel a strong urge to attack something.
Unknown command.
You are no longer berserk.
You are exhausted.
You feel yourself slow down.
You are feeling very hungry.
* * * LOW HITPOINT WARNING * * *
You feel sick.
It was a potion of mutation.
You feel extremely strange.
You feel stronger.
You feel a strange attunement to the structure of the dungeons.
You feel frail.
* * * LOW HITPOINT WARNING * * *
You feel sick.
Unknown command.
It was a potion of invisibility.
You fade into invisibility!
You die...

Vault maps used:
D:1:      dpeg_arrival_lava_temple_mockup
D:2:      minmay_rat_gold_closets
D:3:      kennysheep_goblin_castle, nicolae_dithmenos_shadow_blocks,
          uniq_sigmund
D:4:      serial_shops, kennysheep_mini, kennysheep_generic_room_5

Vanquished Creatures
  Sigmund (D:3)
  An ogre (D:4)
  A scorpion (D:4)
  A jelly (D:3)
  An orc wizard (D:3)
  Ijyb (D:3)
  2 worker ants (D:4)
  3 adders
  2 oozes
  A worm (D:3)
  3 dart slugs (D:1)
  2 giant geckos (D:3)
  14 orcs (D:3)
  4 bats
  2 giant cockroaches
  19 goblins
  7 hobgoblins
  9 jackals (D:3)
  5 kobolds
  A quokka (D:3)
  4 giant newts
  19 rats
103 creatures vanquished.

Table legend:
 A = Turns spent in this place as a percentage of turns spent in the entire game.
 B = Non-inter-level travel turns spent in this place as a percentage of non-inter-level travel turns spent in the entire game.
 C = Inter-level travel turns spent in this place as a percentage of turns spent in this place.
 D = Turns resting spent in this place as a percentage of non-inter-level travel turns spent in this place.
 E = Turns spent auto-exploring this place as a percentage of non-inter-level travel turns spent in this place.
 F = Non-inter-level travel turns spent in this place divided by the number of levels of this place that you've seen.
                   A       B       C       D       E      F
               +-------+-------+-------+-------+-------+----------------------
         Total | 100.0 | 100.0 |   0.3 |   6.5 |  15.0 | 287.2
       Dungeon | 100.0 | 100.0 |   0.3 |   6.5 |  15.0 | 287.2
               +-------+-------+-------+-------+-------+----------------------

Table legend:
 A = Kills in this place as a percentage of kills in entire the game.
 B = Kills by you in this place as a percentage of kills by you in the entire game.
 C = Kills by friends in this place as a percentage of kills by friends in the entire game.
 D = Other kills in this place as a percentage of other kills in the entire game.
 E = Experience gained in this place as a percentage of experience gained in the entire game.
 F = Experience gained in this place divided by the number of levels of this place that you have seen.
                   A       B       C       D       E      F
               +-------+-------+-------+-------+-------+----------------------
         Total | 100.0 | 100.0 |  -nan |  -nan | 100.0 | 206.0
       Dungeon | 100.0 | 100.0 |  -nan |  -nan | 100.0 | 206.0
               +-------+-------+-------+-------+-------+----------------------

Notes
Turn   | Place    | Note
-------+----------+-------------------------------------------
     0 | D:1      | Sixotanaka the High Elf Skald began the quest for the Orb.
     0 | D:1      | Reached XP level 1. HP: 14/14 MP: 4/4
    77 | D:1      | Reached skill level 3 in Long Blades
   139 | D:1      | Reached XP level 2. HP: 15/19 MP: 6/6
   437 | D:1      | Reached skill level 4 in Long Blades
   737 | D:1      | Reached XP level 3. HP: 23/24 MP: 7/7
  1252 | D:2      | Reached skill level 5 in Long Blades
  1474 | D:2      | Reached XP level 4. HP: 25/29 MP: 4/8
  1488 | D:2      | Learned a level 2 spell: Shroud of Golubria
  1492 | D:2      | Learned a level 3 spell: Spectral Weapon
  1779 | D:3      | Found a shadowy altar of Dithmenos.
  1963 | D:3      | Noticed Sigmund
  2564 | D:3      | Reached skill level 1 in Hexes
  2865 | D:3      | Killed Sigmund
  2865 | D:3      | Reached skill level 6 in Long Blades
  2865 | D:3      | Reached skill level 2 in Hexes
  2865 | D:3      | Reached XP level 5. HP: 12/34 MP: 3/9
  2865 | D:3      | Reached XP level 6. HP: 14/39 MP: 3/10
  2879 | D:3      | HP: 9/39 [poisoned by Sigmund]
  2887 | D:3      | HP: 8/39 [poisoned by Sigmund]
  3236 | D:3      | Reached skill level 7 in Long Blades
  3327 | D:3      | HP: 9/39 [something (1)]
  3329 | D:3      | HP: 1/39 [something/puff of flame (7)]
  3339 | D:3      | HP: 9/39 [something (3)]
  3344 | D:3      | HP: 7/39 [hobgoblin/club (1)]
  3819 | D:3      | Reached skill level 3 in Hexes
  4029 | D:3      | Noticed Ijyb
  4042 | D:3      | Killed Ijyb
  4342 | D:4      | Found Sasaub's Book Shoppe.
  4422 | D:4      | Reached skill level 8 in Long Blades
  4422 | D:4      | Reached XP level 7. HP: 24/45 MP: 7/11
  4516 | D:4      | HP: 7/45 [scorpion (6)]
  4521 | D:4      | HP: 4/67 [poisoned by a scorpion]
  4525 | D:4      | Gained mutation: Your muscles are strong. (Str +2) [potion of mutation]
  4525 | D:4      | Gained mutation: You passively map a small area around you. [potion of mutation]
  4525 | D:4      | Gained mutation: You are frail. (-10% HP) [potion of mutation]
  4525 | D:4      | HP: 1/40 [poisoned by a scorpion]
  4526 | D:4      | Succumbed to a scorpion's poison

Action                   |  1- 3 |  4- 6 |  7- 9 || total
-------------------------+-------+-------+-------++-------
Melee: Falchion          |   103 |   257 |    10 ||   370
 Cast: Infusion          |     4 |     5 |       ||     9
       Spectral Weapon   |       |    11 |     1 ||    12
       Shroud of Golubri |       |     2 |     1 ||     3
  Use: Potion            |       |     3 |     3 ||     6
 Stab: Sleeping          |     4 |       |       ||     4
       Distracted        |       |     1 |       ||     1
  Eat: Chunk             |     2 |    11 |       ||    13
Armor: Leather armour    |    27 |    30 |       ||    57
Dodge: Dodged            |    40 |   112 |     3 ||   155
